 Dungeon Crawl Stone Soup version 0.21.1-1-g345015fe64 (webtiles) character file.

103 Oravi the Changer (level 4, -1/32 HPs)
             Began as a Merfolk Transmuter on May 3, 2018.
             Slain by an orc priest (2 damage)
             ... on level 3 of the Dungeon.
             The game lasted 00:05:13 (2422 turns).

Oravi the Changer (Merfolk Transmuter)              Turns: 2422, Time: 00:05:14

Health: -1/32      AC:  2    Str:  8 (10) XL:     4   Next: 79%
Magic:  2/7        EV: 13    Int: 15 (18) God:
Gold:   123        SH:  2    Dex: 12 (14) Spells: 2/7 levels left

rFire    . . .     SeeInvis .     - Unarmed
rCold    . . .     Gourm    .   (no shield)
rNeg     . . .     Faith    .   b - +0 robe
rPois    .         Spirit   .   (no helmet)
rElec    .         Reflect  +   (no cloak)
rCorr    .         Harm     .   (no gloves)
MR       .....                  (no boots)
Stlth    +.........             f - +2 amulet of reflection
HPRegen  0.10/turn              (no ring)
MPRegen  0.10/turn              (no ring)

@: brilliant, flying, very slightly contaminated, hasted, very quick
A: change form in water, swift swim, stealthy swim
a: no special abilities


You were on level 3 of the Dungeon.
You were hungry.

You visited 1 branch of the dungeon, and saw 3 of its levels.

You collected 123 gold pieces.

Inventory:

Missiles
 a - 56 arrows
 n - 74 stones (quivered)
Armour
 b - a +0 robe (worn)
 l - a +0 buckler
Jewellery
 f - a +2 amulet of reflection (around neck)
 q - an uncursed ring of poison resistance {unknown}
Scrolls
 g - a scroll of fear
 h - a scroll of teleportation
 k - 4 scrolls of amnesia
 o - a scroll of enchant weapon
Potions
 r - a potion of might {unknown}
Books
 c - a book of Changes

   Spells                             Type                      Level
   a - Beastly Appendage              Transmutation                1
   b - Sticks to Snakes               Transmutation                2
   c - Spider Form                    Transmutation/Poison         3
   d - Ice Form                       Ice/Transmutation            4
   e - Blade Hands                    Transmutation                5
Comestibles
 d - 9 rations
 j - 3 chunks of flesh


   Skills:
 - Level 1.1 Fighting
 - Level 2.6 Dodging
 + Level 4.4 Unarmed Combat
 - Level 2.0 Spellcasting
 + Level 4.5 Transmutations
 + Level 1.8 Poison Magic


You had 2 spell levels left.
You knew the following spells:

 Your Spells              Type           Power        Failure   Level  Hunger
b - Sticks to Snakes      Tmut           ###.....     1%          2    ###....
c - Spider Form           Tmut/Pois      ###.......   2%          3    ###....


Dungeon Overview and Level Annotations

Branches:
Dungeon (3/15)

Altars:
Nemelex Xobeh
Beogh


Message History

Something hits your ball python.
Your ball python dies!
Okay, then.
You feel a bit more experienced.
The orc priest casts a cantrip, but nothing happens.
The orc priest mumbles some strange prayers to Beogh against you.
Beogh smites you!
* * * LOW HITPOINT WARNING * * *
It was a potion of brilliance.
You feel clever all of a sudden.
It was a potion of haste.
You feel yourself speed up.
It was a potion of flight.
You feel very buoyant.
You fly up into the air.
You are feeling hungry.
It was a potion of degeneration.
There was something very wrong with that liquid.
You feel weakened.
You feel dopey.
You feel clumsy. The orc priest hits you.
You die...

#.#.8.8.# ........#
#.##$.$## .........
###.###### ######.#
#.......... #.# #o#########
#.# #.# #.# #.# #.#
#.#######################.#
#........o@...............#
###########################


You could see an orc priest.

Vanquished Creatures
  An orc priest (D:3)
  An adder (D:2)
  An ooze (D:2)
  2 dart slugs (D:1)
  4 orcs (D:3)
  6 giant cockroaches
  3 goblins
  5 hobgoblins
  9 jackals (D:2)
  A quokka (D:2)
  A ball python (D:1)
  6 bats
  2 frilled lizards (D:1)
  4 kobolds
  3 rats
49 creatures vanquished.

Vanquished Creatures (others)
  4 toadstools (D:1)
4 creatures vanquished.

Grand Total: 53 creatures vanquished

Notes
Turn   | Place    | Note
-------+----------+-------------------------------------------
     0 | D:1      | Oravi the Merfolk Transmuter began the quest for the Orb.
     0 | D:1      | Reached XP level 1. HP: 15/15 MP: 3/3
    52 | D:1      | Reached XP level 2. HP: 11/21 MP: 3/5
   458 | D:1      | You fall through a shaft!
   539 | D:2      | Found a sparkling altar of Nemelex Xobeh.
  1279 | D:2      | Reached XP level 3. HP: 21/26 MP: 3/6
  1283 | D:2      | Learned a level 2 spell: Sticks to Snakes
  1287 | D:2      | Learned a level 3 spell: Spider Form
  1747 | D:2      | Reached skill level 1 in Poison Magic
  1805 | D:2      | Reached XP level 4. HP: 25/32 MP: 4/7
  2384 | D:3      | Found a roughly hewn altar of Beogh.
  2417 | D:3      | HP: 1/32 [orc priest/divine providence (11)]
  2422 | D:3      | Slain by an orc priest

Skill      XL: |  1  2  3 |
---------------+----------+-----
Transmutations | 3 4 |  4.5
Unarmed Combat | 4 |  4.4
Poison Magic   | 1 |  1.8
Fighting       | |  1.1
Dodging        | |  2.6
Spellcasting   | |  2.0

Action                   |  1- 3 |  4- 6 || total
-------------------------+-------+-------++-------
Melee: Unarmed           |   107 |    33 ||   140
       Headbutt          |     4 |       ||     4
       Punch             |     1 |       ||     1
 Cast: Beastly Appendage |    15 |       ||    15
       Spider Form       |     6 |     9 ||    15
       Sticks to Snakes  |       |     1 ||     1
  Use: Scroll            |       |     7 ||     7
       Potion            |       |     4 ||     4
 Stab: Sleeping          |     1 |     1 ||     2
  Eat: Chunk             |     4 |     3 ||     7
Armor: Robe              |    13 |     2 ||    15
       Skin              |     1 |     1 ||     2
Dodge: Dodged            |    82 |    24 ||   106
Block: Other             |       |     5 ||     5
